 Seeded DCSS version 0.30.1-9-gdf580d7c3d (webtiles) character file.

Game seed: 14 (custom seed)

140 lonewolfV2 the Shield-Bearer (level 5, 0/47 HPs)
             Began as a Minotaur Fighter on Oct 17, 2023.
             Slain by a gnoll
             ... wielding a +0 halberd
              (8 damage)
             ... on level 3 of the Dungeon.
             The game lasted 00:02:50 (3154 turns).

lonewolfV2 the Shield-Bearer (Minotaur Fighter)     Turns: 3154, Time: 00:02:51

Health: 0/47       AC:  9    Str: 21    XL:     5   Next: 2%
Magic:  4/4        EV:  9    Int:  5    God:
Gold:   168        SH:  0    Dex: 11    Spells: 4/4 levels left

rFire   . . .        a - +0 war axe
rCold   . . .        j - orb {mayhem}
rNeg    . . .        b - +0 scale mail
rPois   .            (helmet restricted)
rElec   .            (no cloak)
rCorr   .            (no gloves)
SInv    .            (no boots)
Will    +....        (no amulet) Stlth
                     i - ring of willpower
HPRegen 0.27/turn    (no ring)
MPRegen 0.09/turn

%: mayhem
@: no status effects
A: horns 2, retaliatory headbutt, iridescent scales 1, subdued magic 1
a: no special abilities


You were on level 3 of the Dungeon.
You visited 1 branch of the dungeon, and saw 3 of its levels.

You collected 168 gold pieces.

Inventory:

Hand Weapons
 a - a +0 war axe (weapon)
Armour
 b - a +0 scale mail (worn)
 c - a +0 buckler
 j - an orb of mayhem (worn)
Jewellery
 i - a ring of willpower (left hand)
Wands
 q - a wand of quicksilver (9)
Scrolls
 e - a scroll of poison
 f - 2 scrolls of fear {unknown}
 h - 5 scrolls of identify
 m - a scroll of enchant armour {unknown}
 n - a scroll of teleportation
 o - a scroll of acquirement {unknown}
Potions
 g - a potion of attraction


   Skills:
 + Level 4.6 Fighting
 + Level 3.7 Axes
 + Level 4.6 Armour
 + Level 4.7 Shields


You had 4 spell levels left.
You didn't know any spells.
Your spell library was empty.

Dungeon Overview and Level Annotations

Branches:
Dungeon (3/15)

Altars:
Nemelex Xobeh


Innate Abilities, Weirdness & Mutations

You have a pair of horns on your head.
You reflexively headbutt those who attack you in melee.
You are partially covered in iridescent scales. (AC +2)
Your spells are a little easier to cast, but a little less powerful.


Message History

You headbutt the gnoll, but do no damage.
You closely miss the gnoll. You barely miss the gnoll.
The gnoll hits you with a +0 spear. The gnoll hits you but does no damage.
You closely miss the gnoll. You barely miss the gnoll.
The gnoll hits you but does no damage. The gnoll barely misses you. x2
You furiously retaliate!
You headbutt the gnoll. You slash the gnoll!
The gnoll is almost dead.
You hit the gnoll. You hit the gnoll but do no damage.
The gnoll hits you but does no damage. x3
The gnoll hits you from afar with a +0 spear.
The gnoll barely misses you.
You closely miss the gnoll. You headbutt the gnoll.
The gnoll is moderately wounded.
You hit the gnoll but do no damage. You closely miss the gnoll.
The gnoll hits you but does no damage. The gnoll barely misses you. x2
You furiously retaliate!
You headbutt the gnoll!
You kill the gnoll!
The gnoll flies into a frenzy!
The gnoll closely misses you.
You slash the gnoll!
You kill the gnoll!
You hit the gnoll but do no damage. The gnoll hits you but does no damage.
The gnoll closely misses you. The gnoll hits you with a +0 halberd.
You have reached level 5!
The gnoll hits you with a +0 halberd!!
The gnoll hits you from afar with a +0 spear.
* * * LOW HITPOINT WARNING * * *
Things that are here:
a +0 whip; 5 gold pieces; a gnoll corpse The gnoll barely misses you. x2
The gnoll hits you from afar with a +0 halberd.
* * * LOW HITPOINT WARNING * * *
The gnoll hits you from afar with a +0 halberd.
* * * LOW HITPOINT WARNING * * *
The gnoll closely misses you.
You see here a +0 club.
You hit the gnoll.
The gnoll is heavily wounded.
The gnoll hits you from afar with a +0 halberd!
You die...

#...# ##)..## #...#
##'## #...# #.#
##.##### #.#
#......# ##.##
#..###.# ##...##
#.g# #.....#
#))###.#####...####
#.@g...............
#.####.#####...####
#.# ##### #.. ###


You could see a gnoll and a neutral gnoll (fast, strong, insane).

Vanquished Creatures
  Crazy Yiuf (D:2)
  2 gnolls (D:3)
  3 adders
  3 dart slugs (D:1)
  7 endoplasms
  3 giant cockroaches
  5 hobgoblins
  8 kobolds
  4 quokkas
  4 ball pythons
  3 bats (D:1)
  2 frilled lizards (D:1)
  4 goblins
  5 rats
54 creatures vanquished.

Vanquished Creatures (collateral kills)
  An orc (D:3)
1 creature vanquished.

Grand Total: 55 creatures vanquished

Notes
Turn   | Place    | Note
-------+----------+-------------------------------------------
     0 | D:1      | lonewolfV2 the Minotaur Fighter began the quest for the
                  | Orb.
     0 | D:1      | Reached XP level 1. HP: 19/19 MP: 0/0
   112 | D:1      | Reached XP level 2. HP: 24/27 MP: 1/1
   481 | D:1      | Reached XP level 3. HP: 33/33 MP: 2/2
   603 | D:1      | Found a faded altar of an unknown god.
  1354 | D:2      | Found a sparkling altar of Nemelex Xobeh.
  1765 | D:2      | Found a runed translucent door.
  1766 | D:2      | Noticed Crazy Yiuf
  2072 | D:2      | Killed Crazy Yiuf
  2073 | D:2      | Reached XP level 4. HP: 9/41 MP: 3/3
  2073 | D:2      | Gained mutation: Your flesh is cold resistant. (rC+)
                  | [potion of mutation]
  2073 | D:2      | Gained mutation: Your flesh is very cold resistant. (rC++)
                  | [potion of mutation]
  2078 | D:2      | Lost mutation: Your flesh is very cold resistant. (rC++)
                  | [potion of mutation]
  2078 | D:2      | Lost mutation: Your flesh is cold resistant. (rC+) [potion
                  | of mutation]
  2078 | D:2      | Gained mutation: Your spells are a little easier to cast,
                  | but a little less powerful. [potion of mutation]
  2078 | D:2      | Gained mutation: You are partially covered in iridescent
                  | scales. (AC +2) [potion of mutation]
  2078 | D:2      | HP: 2/41 [poisoned by Crazy Yiuf]
  3151 | D:3      | Reached XP level 5. HP: 35/47 MP: 4/4
  3154 | D:3      | Slain by a gnoll

Illustrated notes

Levels and vault maps discovered:
D:1:      moated_graveyard_arrival, layout_basic,
          hellmonk_ecumenical_altar_defaced_shrine, chequers_mini_garden,
          minmay_fountain_box
D:2:      layout_loops_corners, basic_altar, uniq_crazy_yiuf_cottage
D:3:      layout_loops_corners, kennysheep_generic_room_5, uniq_terence

Skill      XL: |  1  2 |
---------------+-------+-----
Shields        | 4 |  4.7
Fighting       | 4 |  4.6
Axes           | 3 |  3.7
Armour         | 4 |  4.6

Action                     |  1- 3 |  4- 6 || total
---------------------------+-------+-------++-------
  Melee: War axe           |    73 |    49 ||   122
         Headbutt          |     9 |     5 ||    14
    Use: Scroll            |     3 |       ||     3
         Potion            |       |     5 ||     5
 Armour: Scale mail        |    39 |    35 ||    74
  Dodge: Dodged            |    32 |    38 ||    70
  Block: Buckler           |    17 |       ||    17
